Map: Incorporeal LE

Players

GeneralZ

  • Race: Zerg Zerg
  • League: Diamond
  • Spawn Location: 5:00

LigerMaNN - Winner!

  • Race: Zerg Zerg
  • League: Diamond
  • Spawn Location: 11:00

VOD

Have the link to the VOD?

Description

Time

  • Played on: July 1, 2025, 1:15 a.m.
  • Length: 16:32
Show
View Real Time Build Order
Export as new Build Order

GeneralZ Zerg 

Build Orders: Hatch First 

Get SALT Encoding   

  12  0:00  Drone  
  13  0:08  Drone  
  14  0:18  Extractor  
  14  0:19  Extractor  
  14  0:20  Drone  
  14  0:21  Drone  
  16  0:31  Overlord  
  16  0:47  Hatchery  
  15  0:50  Drone  
  15  0:53  Drone  
  15  0:57  Drone  
  18  1:11  Spawning Pool  
  18  1:14  Drone  
  18  1:17  Drone  
  19  1:22  Extractor  
  18  1:31  Drone  
  20  1:47  Drone  
  20  1:49  Drone  
  22  1:59  Overlord  
  22  2:03  Spine Crawler  
  21  2:17  Overlord, Queen  
  15  2:38  Drone x2  
  14  3:11  Zergling x6  
  17  3:25  Zergling x4  
  17  3:26  Zergling x4  
  21  3:31  Metabolic Boost  
  21  3:40  Hatchery  
  20  3:44  Queen  
  22  3:54  Drone x2  
  24  4:04  Drone  
  25  4:10  Drone  
  22  4:50  Drone x3  
  25  4:55  Drone  
  26  5:02  Drone  
  27  5:07  Hatchery  
  27  5:12  Drone x2  
  28  5:17  Drone  
  29  5:25  Drone x4  
  33  5:32  Drone  
  33  5:34  Evolution Chamber  
  33  5:36  Drone  
  33  5:42  Drone  
  35  5:44  Evolution Chamber  
  34  5:57  Zergling x8  
  38  6:04  Zerg Missile Weapons Level 1  
  37  6:15  Drone x2  
  37  6:16  Drone x4  
  43  6:24  Zerg Ground Armor Level 1  
  43  6:25  Drone  
  43  6:26  Drone x2  
  43  6:28  Extractor  
  45  6:36  Drone  
  45  6:37  Drone x3  
  43  6:55  Drone x3, Zergling x2  
  43  7:00  Roach Warren  
  46  7:01  Zergling x4  
  46  7:02  Zergling x4  
  46  7:03  Overlord x4  
  50  7:19  Lair  
  50  7:21  Drone x2  
  50  7:22  Drone x5, Extractor  
  56  7:31  Queen  
  59  7:37  Drone x5  
  59  7:38  Drone x3  
  66  7:47  Roach x4  
  66  7:48  Roach  
  76  7:58  Queen  
  78  8:03  Roach x2  
  78  8:05  Overlord x3  
  82  8:19  Zerg Missile Weapons Level 2  
  82  8:22  Queen x2  
  82  8:25  Roach x4  
  82  8:26  Zergling x2  
  95  8:32  Hatchery  
  94  8:36  Zergling x2  
  94  8:37  Zergling x4  
  94  8:38  Roach x3  
  94  8:39  Zergling x2  
  102  9:07  Extractor  
  102  9:08  Drone x6, Extractor  
  98  9:35  Glial Reconstitution  
  98  9:37  Zerg Ground Armor Level 2  
  94  9:41  Roach  
  94  9:42  Zergling x2, Roach  
  94  9:43  Zergling x12  
  94  9:44  Zergling x6  
  84  9:54  Roach x2  
  84  9:59  Extractor  
  87  10:13  Roach x6  
  99  10:32  Roach x3  
  99  10:33  Roach x2  
  105  10:43  Roach  
  105  10:44  Roach x2  
  105  10:48  Overlord x5  
  110  11:08  Roach x5  
  110  11:09  Roach  
  117  11:15  Roach  
  119  11:19  Roach x5  
  129  11:29  Roach x6  
  129  11:30  Zergling x6, Roach x2  
  146  12:03  Overlord x4  
  146  12:04  Overlord  
  146  12:05  Overlord, Hatchery  
  144  12:08  Hydralisk Den  
  144  12:10  Overlord  
  140  12:17  Roach x3  
  140  12:18  Roach  
  140  12:22  Roach x3  
  141  12:23  Roach  
  141  12:24  Roach x4  
  137  12:30  Hatchery  
  137  12:32  Overseer  
  137  12:33  Overseer  
  137  12:35  Overseer  
  134  12:37  Roach x3  
  134  12:38  Roach x2  
  134  12:39  Hydralisk, Grooved Spines  
  134  12:40  Hydralisk x5  
  134  12:43  Overseer  
  156  12:50  Roach x3  
  156  12:51  Roach  
  160  12:52  Zergling x6  
  160  12:55  Drone x2  
  150  13:15  Hydralisk x3, Roach x5  
  113  13:29  Hydralisk, Muscular Augments  
  103  13:47  Roach  
  103  13:48  Hydralisk x3, Roach x4  
  108  13:49  Zergling x6  
  108  13:51  Drone  
  108  13:54  Drone  
  113  14:11  Hydralisk x4, Roach x5  
  113  14:12  Hydralisk, Roach  
  133  14:20  Roach x2  
  115  14:28  Roach x5  
  115  14:29  Zergling x8  
  116  14:33  Drone x2  
  102  14:47  Drone x3  
  102  14:48  Drone x3  
  108  14:56  Drone x2  
  110  15:01  Hatchery  
  110  15:06  Drone  
  110  15:07  Drone x6  
  98  15:21  Roach x2  
  98  15:22  Roach x3  
  88  15:32  Roach  
  88  15:33  Roach x4  
  93  15:45  Hydralisk, Roach x4  
  98  15:55  Drone x6  
  104  16:12  Infestation Pit  
  104  16:15  Zergling x2  
Show
View Real Time Build Order
Export as new Build Order

LigerMaNN Zerg - Winner!

Build Orders: Pool First 

Get SALT Encoding   

  12  0:17  Spawning Pool  
  11  0:22  Drone  
  11  0:26  Drone  
  13  0:31  Drone  
  14  0:40  Overlord  
  14  1:05  Zergling x6  
  17  1:16  Zergling x2  
  18  1:25  Hatchery  
  17  1:27  Zergling x2  
  18  1:34  Queen  
  18  1:39  Zergling x2  
  21  1:48  Overlord  
  21  2:03  Drone  
  22  2:13  Drone  
  22  2:15  Queen  
  24  2:38  Drone x2  
  24  2:46  Drone x4  
  24  2:49  Extractor  
  27  2:54  Overlord x2  
  27  3:21  Spine Crawler  
  27  3:24  Spine Crawler  
  24  3:28  Drone x4  
  24  3:29  Drone x3  
  24  3:30  Drone  
  32  3:40  Baneling Nest  
  29  3:49  Drone x2  
  29  3:50  Drone  
  29  3:52  Drone  
  29  3:54  Drone  
  34  3:58  Zergling x2  
  34  3:59  Zergling x2  
  36  4:08  Metabolic Boost  
  36  4:12  Drone x3  
  40  4:17  Drone x2, Extractor  
  40  4:18  Drone  
  38  4:43  Drone x3  
  41  4:47  Baneling x3  
  41  5:01  Queen  
  41  5:03  Hatchery  
  42  5:08  Hatchery  
  41  5:15  Evolution Chamber  
  41  5:17  Drone x2  
  41  5:19  Zergling x10  
  41  5:20  Zergling x8  
  51  5:35  Overlord x2  
  51  5:36  Overlord x2  
  51  5:52  Overlord  
  51  5:53  Overlord x2  
  51  5:55  Zerg Ground Armor Level 1  
  49  6:13  Drone  
  49  6:14  Drone x9  
  49  6:18  Drone  
  58  6:20  Drone x2  
  58  6:23  Queen  
  62  6:31  Roach Warren  
  61  6:33  Drone x2, Evolution Chamber  
  60  6:53  Zergling x14  
  60  6:54  Zergling x16  
  72  7:00  Spine Crawler  
  71  7:04  Drone x3  
  71  7:07  Drone x2  
  76  7:09  Zerg Missile Weapons Level 1  
  76  7:10  Lair  
  76  7:22  Drone x3  
  79  7:23  Drone  
  79  7:24  Extractor  
  79  7:25  Drone x2, Extractor  
  80  7:53  Roach x8  
  80  7:54  Roach x4  
  80  7:55  Overlord  
  103  8:11  Roach x7  
  117  8:13  Hatchery  
  117  8:14  Zerg Ground Armor Level 2  
  117  8:15  Glial Reconstitution  
  116  8:35  Roach x6  
  116  8:37  Overlord x7  
  113  8:55  Drone x3  
  115  8:56  Drone  
  115  8:57  Drone x2  
  115  8:58  Drone x3  
  122  9:04  Extractor  
  122  9:07  Zerg Missile Weapons Level 2  
  121  9:12  Infestation Pit  
  121  9:15  Hydralisk Den  
  118  9:36  Roach x18  
  154  9:39  Overlord x2  
  148  9:50  Drone x2  
  148  9:51  Drone, Extractor  
  148  9:52  Drone x9  
  155  9:54  Drone x2  
  157  10:00  Tunneling Claws  
  157  10:03  Burrow  
  157  10:09  Drone x6  
  163  10:18  Muscular Augments  
  163  10:21  Hive  
  153  10:28  Drone x2  
  153  10:29  Drone x5  
  153  10:30  Zerg Melee Weapons Level 1  
  153  10:31  Drone  
  153  10:34  Hatchery  
  157  10:49  Drone x2  
  160  10:50  Drone x3  
  160  10:52  Overlord x5  
  160  10:53  Hydralisk  
  160  10:54  Hydralisk  
  160  10:56  Overlord  
  162  11:17  Hydralisk x9  
  180  11:22  Grooved Spines  
  180  11:34  Hydralisk x2  
  180  11:35  Hydralisk x7  
  198  11:52  Roach x4  
  198  11:54  Roach x4  
  198  11:59  Roach  
  198  12:00  Roach x2  
  198  12:01  Roach  
  198  12:09  Roach x4  
  188  12:27  Roach x4  
  178  12:45  Hydralisk x11  
  178  12:51  Lurker Den  
  183  13:18  Zerg Missile Weapons Level 3, Zerg Ground Armor Level 3  
  159  13:24  Roach x12  
  159  13:25  Roach x16  
  159  13:44  Roach  
  159  13:45  Roach x12  
  143  14:06  Roach x10  
  143  14:22  Roach x11  
  151  14:31  Zergling x2, Roach x7  
  138  14:38  Roach x10  
  138  14:39  Roach x17  
  136  15:03  Roach x18  
  172  15:09  Queen  
  174  15:14  Drone  
  174  15:15  Drone x2, Extractor  
  174  15:16  Drone x3, Extractor  
  174  15:17  Drone x3  
  174  15:19  Roach x32  
  168  15:26  Roach x13  
  176  16:10  Roach x2  
Tags
 
Add a new tag
Caveats
  • Supply blocks, unpowered buildings, or Contaminate may cause inaccurate times.
  • Supply counts are checked every 10 seconds.